General information
			
			
        
        - name: BNet
 
        - type: Ladder team game (AT/RT)
 
        - host: Battle.net
 
        - saver: Gobiner
 
        
map: SunrockCove 
        - players: 6
 
        - length: 32:25
 
        - speed: Fast
 - version: 1.22 W3XP
 - replay type:  Public
 
» download(184 KB)
Players
        team 1 (winner) 
              
              
Gobiner (
teal | 49 APM | 1574 actions | 32:25)
              
 6 Blademaster 
 3 Wind Walk
 2 Critical Strike
 1 Bladestorm
 
                » actions 
                
                | Assign group hotkey | 14 |  | 
| Basic commands | 21 |  | 
| Build / train | 69 |  | 
| ESC pressed | 1 |  | 
| Enter build submenu | 51 |  | 
| Enter hero's abilities submenu | 6 |  | 
| Give item / drop item | 5 |  | 
| Right click | 642 |  | 
| Select / deselect | 212 |  | 
| Select group hotkey | 359 |  | 
| Use ability | 194 |  | 
                1574 total
 » units 
                
                | Peon | 15 |  | 
| Troll Batrider | 12 |  | 
| Goblin Shredder | 1 |  | 
                28 total
 » upgrades
                
                | Liquid Fire | 1 |  | 
| Ranged Weapons | 3 |  | 
| Armor | 3 |  | 
| Troll Regeneration | 1 |  | 
| Burning Oil | 1 |  | 
| Reinforced Defenses | 1 |  | 
| Ensnare | 1 |  | 
| Envenomed Spears | 1 |  | 
                12 total
 » buildings
                
                | Altar of Storms | 1 |  | 
| Orc Burrow | 4 |  | 
| War Mill | 1 |  | 
| Watch Tower | 67 |  | 
| Voodoo Lounge | 1 |  | 
| Stronghold | 5 |  | 
| Fortress | 2 |  | 
| Beastiary | 2 |  | 
| Barracks | 1 |  | 
| Great Hall | 4 |  | 
                88 total
 » build order
                00:08 Altar of Storms
00:21 Orc Burrow
00:29 War Mill
01:41 Watch Tower
01:52 Voodoo Lounge
02:07 Orc Burrow
02:37 Watch Tower
03:13 Watch Tower
03:28 Watch Tower
04:09 Watch Tower
04:20 Watch Tower
04:50 Stronghold
04:51 Stronghold
04:51 Stronghold
05:34 Watch Tower
05:40 Watch Tower
06:44 Watch Tower
06:46 Watch Tower
06:57 Orc Burrow
06:59 Orc Burrow
07:11 Fortress
07:12 Fortress
07:18 Beastiary
07:20 Beastiary
07:48 Watch Tower
07:51 Watch Tower
08:52 Watch Tower
08:55 Watch Tower
09:59 Watch Tower
10:00 Watch Tower
11:25 Watch Tower
11:27 Watch Tower
12:36 Watch Tower
15:52 Barracks
21:20 Great Hall
21:22 Watch Tower
21:22 Watch Tower
21:24 Watch Tower
21:27 Great Hall
21:28 Watch Tower
21:29 Watch Tower
21:30 Watch Tower
21:30 Watch Tower
21:32 Watch Tower
21:33 Watch Tower
21:33 Watch Tower
21:34 Watch Tower
21:36 Watch Tower
21:38 Watch Tower
21:38 Watch Tower
21:40 Watch Tower
21:44 Great Hall
21:48 Watch Tower
21:49 Watch Tower
21:50 Watch Tower
21:50 Watch Tower
21:52 Watch Tower
21:52 Watch Tower
21:53 Watch Tower
21:54 Watch Tower
21:55 Watch Tower
21:55 Watch Tower
21:56 Watch Tower
21:57 Watch Tower
25:10 Watch Tower
25:16 Watch Tower
25:20 Watch Tower
29:10 Watch Tower
29:11 Watch Tower
29:12 Watch Tower
29:13 Watch Tower
29:14 Watch Tower
29:16 Watch Tower
29:17 Watch Tower
29:19 Watch Tower
29:21 Watch Tower
29:22 Watch Tower
30:32 Great Hall
31:38 Watch Tower
31:40 Watch Tower
31:41 Watch Tower
31:42 Watch Tower
31:44 Watch Tower
31:45 Watch Tower
31:46 Watch Tower
31:47 Watch Tower
» items
                
                | Staff of Teleportation | 1 |  | 
| Boots of Speed | 1 |  | 
| Lesser Clarity Potion | 5 |  | 
| Healing Salve | 3 |  | 
| Dust of Appearance | 1 |  | 
| Orb of Lightning | 1 |  | 
| Circlet of Nobility | 1 |  | 
                13 total
  
               
              
              
kunt.roII (
green | 89 APM | 2871 actions | 32:23)
              
 4 Archmage 
 2 Blizzard
 2 Brilliance Aura
 4 Mountain King 
 2 Storm Bolt
 2 Bash
 3 Paladin 
 2 Holy Light
 1 Divine Shield
 
                » actions 
                
                | Assign group hotkey | 26 |  | 
| Basic commands | 59 |  | 
| Build / train | 139 |  | 
| ESC pressed | 6 |  | 
| Enter build submenu | 69 |  | 
| Enter hero's abilities submenu | 11 |  | 
| Give item / drop item | 8 |  | 
| Right click | 1008 |  | 
| Select / deselect | 323 |  | 
| Select group hotkey | 928 |  | 
| Use ability | 293 |  | 
                2871 total
 » units 
                
                | Peasant | 21 |  | 
| Priest | 5 |  | 
| Goblin Shredder | 1 |  | 
| Sorceress | 2 |  | 
| Goblin Zeppelin | 1 |  | 
                30 total
 » upgrades
                
                | Masonry | 2 |  | 
| Lumber Harvesting | 1 |  | 
| Sorceress Training | 3 |  | 
| Magic Sentry | 1 |  | 
| Priest Training | 3 |  | 
| Armor | 3 |  | 
| Swords | 3 |  | 
| Animal War Training | 1 |  | 
                17 total
 » buildings
                
                | Altar of Kings | 1 |  | 
| Lumber Mill | 1 |  | 
| Farm | 4 |  | 
| Scout Tower | 92 |  | 
| Arcane Tower | 8 |  | 
| Guard Tower | 42 |  | 
| Town Hall | 2 |  | 
| Keep | 2 |  | 
| Arcane Sanctum | 1 |  | 
| Castle | 3 |  | 
| Gryphon Aviary | 2 |  | 
| Arcane Vault | 1 |  | 
| Barracks | 1 |  | 
| Blacksmith | 1 |  | 
                161 total
 » build order
                00:09 Altar of Kings
00:17 Lumber Mill
00:37 Farm
01:11 Scout Tower
01:16 Farm
01:40 Arcane Tower
01:40 Arcane Tower
01:44 Scout Tower
02:03 Scout Tower
02:12 Guard Tower
02:12 Guard Tower
02:12 Guard Tower
02:47 Guard Tower
02:48 Guard Tower
03:10 Town Hall
03:16 Scout Tower
03:22 Scout Tower
03:25 Scout Tower
03:38 Scout Tower
03:54 Guard Tower
03:54 Guard Tower
04:05 Guard Tower
04:06 Guard Tower
04:12 Scout Tower
04:16 Guard Tower
04:45 Guard Tower
04:46 Scout Tower
04:47 Scout Tower
05:06 Scout Tower
05:35 Keep
05:40 Guard Tower
05:40 Guard Tower
05:59 Guard Tower
06:11 Scout Tower
06:19 Guard Tower
06:20 Guard Tower
06:20 Guard Tower
07:00 Guard Tower
07:01 Scout Tower
07:02 Scout Tower
07:02 Scout Tower
07:02 Scout Tower
07:20 Scout Tower
07:20 Scout Tower
07:43 Scout Tower
07:45 Scout Tower
07:46 Scout Tower
07:47 Scout Tower
07:48 Scout Tower
07:49 Scout Tower
07:49 Scout Tower
08:10 Arcane Sanctum
08:11 Farm
08:31 Guard Tower
08:52 Guard Tower
09:32 Guard Tower
09:57 Scout Tower
09:57 Scout Tower
09:58 Scout Tower
09:58 Scout Tower
10:01 Guard Tower
10:03 Scout Tower
10:35 Guard Tower
10:46 Guard Tower
10:57 Guard Tower
11:00 Scout Tower
11:03 Scout Tower
11:29 Castle
11:29 Castle
11:29 Castle
12:01 Arcane Tower
12:07 Farm
12:23 Guard Tower
12:26 Guard Tower
12:52 Gryphon Aviary
12:57 Gryphon Aviary
13:01 Arcane Vault
13:04 Scout Tower
13:05 Scout Tower
13:22 Scout Tower
13:22 Scout Tower
13:23 Scout Tower
13:24 Scout Tower
13:26 Scout Tower
13:27 Scout Tower
13:30 Scout Tower
13:30 Scout Tower
13:33 Scout Tower
13:34 Scout Tower
13:35 Scout Tower
13:35 Scout Tower
13:36 Scout Tower
13:36 Scout Tower
14:01 Guard Tower
14:38 Arcane Tower
14:38 Arcane Tower
14:52 Guard Tower
16:34 Scout Tower
16:34 Scout Tower
16:35 Scout Tower
16:35 Scout Tower
16:35 Scout Tower
16:36 Scout Tower
16:36 Scout Tower
16:40 Barracks
16:42 Blacksmith
18:49 Scout Tower
18:51 Scout Tower
18:52 Scout Tower
18:54 Scout Tower
18:55 Scout Tower
18:59 Scout Tower
19:05 Scout Tower
19:17 Guard Tower
19:37 Guard Tower
19:44 Scout Tower
19:47 Scout Tower
19:49 Scout Tower
19:49 Scout Tower
19:52 Scout Tower
19:53 Scout Tower
20:13 Guard Tower
20:57 Guard Tower
20:57 Guard Tower
23:02 Town Hall
23:47 Scout Tower
23:47 Scout Tower
23:47 Scout Tower
23:48 Scout Tower
23:48 Scout Tower
23:50 Scout Tower
23:51 Scout Tower
23:51 Scout Tower
23:52 Scout Tower
23:52 Scout Tower
23:53 Scout Tower
23:54 Scout Tower
23:54 Scout Tower
27:09 Arcane Tower
» items
                
                | Staff of Teleportation | 3 |  | 
| Circlet of Nobility | 3 |  | 
| Boots of Speed | 2 |  | 
| Healing Salve | 1 |  | 
| Potion of Lesser Invulnerability | 1 |  | 
| Orb of Lightning | 3 |  | 
| Staff of Sanctuary | 3 |  | 
| Potion of Healing | 1 |  | 
                17 total
  
               
              
              
MrFrosty (
blue | 83 APM | 2685 actions | 32:23)
              
 4 Archmage 
 2 Blizzard
 2 Brilliance Aura
 3 Mountain King 
 2 Storm Bolt
 1 Bash
 2 Paladin 
 1 Holy Light
 1 Divine Shield
 
                » actions 
                
                | Assign group hotkey | 13 |  | 
| Basic commands | 32 |  | 
| Build / train | 86 |  | 
| ESC pressed | 1 |  | 
| Enter build submenu | 42 |  | 
| Enter hero's abilities submenu | 9 |  | 
| Give item / drop item | 2 |  | 
| Right click | 1509 |  | 
| Select / deselect | 420 |  | 
| Select group hotkey | 443 |  | 
| Use ability | 128 |  | 
                2685 total
 » units 
                
                | Peasant | 23 |  | 
| Dragonhawk Rider | 1 |  | 
| Priest | 2 |  | 
| Sorceress | 2 |  | 
                28 total
 » upgrades
                
                | Masonry | 2 |  | 
| Magic Sentry | 1 |  | 
| Priest Training | 2 |  | 
| Sorceress Training | 2 |  | 
                7 total
 » buildings
                
                | Altar of Kings | 1 |  | 
| Scout Tower | 41 |  | 
| Farm | 6 |  | 
| Lumber Mill | 1 |  | 
| Arcane Tower | 4 |  | 
| Guard Tower | 19 |  | 
| Town Hall | 4 |  | 
| Arcane Vault | 1 |  | 
| Keep | 1 |  | 
| Arcane Sanctum | 1 |  | 
| Gryphon Aviary | 1 |  | 
| Castle | 1 |  | 
                81 total
 » build order
                00:09 Altar of Kings
00:20 Scout Tower
00:24 Farm
00:44 Lumber Mill
00:53 Arcane Tower
01:24 Farm
01:36 Scout Tower
02:04 Guard Tower
02:24 Scout Tower
03:20 Guard Tower
03:57 Scout Tower
04:00 Farm
04:48 Guard Tower
04:51 Scout Tower
04:52 Scout Tower
04:53 Scout Tower
05:19 Scout Tower
05:20 Scout Tower
05:24 Arcane Tower
05:25 Guard Tower
05:29 Town Hall
05:33 Scout Tower
05:34 Scout Tower
05:36 Scout Tower
05:49 Arcane Vault
05:52 Arcane Tower
05:53 Guard Tower
06:22 Guard Tower
06:23 Scout Tower
06:31 Guard Tower
07:03 Scout Tower
07:04 Scout Tower
07:06 Guard Tower
07:10 Scout Tower
07:11 Scout Tower
07:14 Scout Tower
07:44 Guard Tower
08:05 Keep
08:08 Guard Tower
08:14 Scout Tower
08:17 Scout Tower
08:17 Scout Tower
08:18 Scout Tower
08:50 Guard Tower
09:04 Guard Tower
09:18 Scout Tower
09:19 Scout Tower
10:14 Scout Tower
10:15 Scout Tower
10:17 Scout Tower
10:30 Scout Tower
10:30 Scout Tower
10:31 Scout Tower
10:55 Arcane Tower
10:56 Guard Tower
11:02 Guard Tower
12:32 Arcane Sanctum
12:40 Gryphon Aviary
13:50 Castle
13:56 Farm
13:58 Farm
14:21 Farm
15:46 Scout Tower
15:46 Scout Tower
15:48 Scout Tower
15:49 Scout Tower
16:30 Guard Tower
16:32 Scout Tower
16:32 Scout Tower
16:33 Guard Tower
16:36 Scout Tower
16:36 Scout Tower
16:39 Scout Tower
16:40 Scout Tower
16:40 Scout Tower
17:12 Guard Tower
17:14 Guard Tower
18:02 Guard Tower
21:20 Town Hall
27:43 Town Hall
30:00 Town Hall
» items
                
                | Boots of Speed | 3 |  | 
| Staff of Teleportation | 3 |  | 
| Healing Salve | 2 |  | 
| Staff of Sanctuary | 3 |  | 
| Orb of Lightning | 3 |  | 
                14 total
  
               team 2 (loser) 
              
              
B0B42O (
red | 45 APM | 1428 actions | 31:57)
              
 4 Death Knight 
 2 Death Coil
 2 Unholy Aura
 2 Lich 
 1 Frost Nova
 1 Frost Armor
 
                » actions 
                
                | Assign group hotkey | 24 |  | 
| Basic commands | 67 |  | 
| Build / train | 43 |  | 
| Enter build submenu | 19 |  | 
| Enter hero's abilities submenu | 6 |  | 
| Give item / drop item | 4 |  | 
| Remove unit from queue | 1 |  | 
| Right click | 571 |  | 
| Select / deselect | 227 |  | 
| Select group hotkey | 397 |  | 
| Use ability | 69 |  | 
                1428 total
 » units 
                
                | Acolyte | 4 |  | 
| Ghoul | 2 |  | 
| Crypt Fiend | 6 |  | 
| Frost Wyrm | 6 |  | 
                18 total
 » upgrades
                
                | Creature Carapace | 2 |  | 
| Creature Attack | 3 |  | 
| Burrow | 1 |  | 
| Web | 1 |  | 
| Freezing Breath | 1 |  | 
                8 total
 » buildings
                
                | Graveyard | 1 |  | 
| Crypt | 1 |  | 
| Ziggurat | 8 |  | 
| Altar of Darkness | 1 |  | 
| Tomb of Relics | 1 |  | 
| Halls of the Dead | 1 |  | 
| Nerubian Tower | 1 |  | 
| Sacrificial Pit | 1 |  | 
| Black Citadel | 1 |  | 
| Boneyard | 2 |  | 
                18 total
 » build order
                00:22 Graveyard
00:28 Crypt
00:32 Ziggurat
00:44 Altar of Darkness
01:07 Tomb of Relics
02:31 Ziggurat
03:58 Halls of the Dead
04:35 Ziggurat
04:37 Nerubian Tower
05:32 Ziggurat
06:25 Sacrificial Pit
07:27 Black Citadel
08:46 Ziggurat
09:59 Boneyard
10:06 Boneyard
10:56 Ziggurat
13:37 Ziggurat
14:32 Ziggurat
» items
                
                | Rod of Necromancy | 1 |  | 
| Dust of Appearance | 1 |  | 
| Scroll of Town Portal | 2 |  | 
| Orb of Corruption | 1 |  | 
                5 total
  
               
              
              
niPPy- (
yellow | 41 APM | 1340 actions | 32:23)
              
 4 Death Knight 
 2 Death Coil
 2 Unholy Aura
 
                » actions 
                
                | Assign group hotkey | 29 |  | 
| Basic commands | 36 |  | 
| Build / train | 50 |  | 
| Enter build submenu | 18 |  | 
| Enter hero's abilities submenu | 4 |  | 
| Give item / drop item | 1 |  | 
| Remove unit from queue | 1 |  | 
| Right click | 497 |  | 
| Select / deselect | 316 |  | 
| Select group hotkey | 336 |  | 
| Use ability | 52 |  | 
                1340 total
 » units 
                
                | Acolyte | 6 |  | 
| Ghoul | 4 |  | 
| Crypt Fiend | 16 |  | 
| Obsidian Statue | 6 |  | 
| Gargoyle | 1 |  | 
                33 total
 » upgrades
                
                | Web | 1 |  | 
| Destroyer Form | 1 |  | 
| Burrow | 1 |  | 
                3 total
 » buildings
                
                | Graveyard | 1 |  | 
| Crypt | 1 |  | 
| Ziggurat | 10 |  | 
| Altar of Darkness | 1 |  | 
| Tomb of Relics | 1 |  | 
| Halls of the Dead | 1 |  | 
| Black Citadel | 1 |  | 
| Slaughterhouse | 2 |  | 
| Spirit Tower | 4 |  | 
                22 total
 » build order
                00:08 Graveyard
00:12 Crypt
00:44 Ziggurat
01:05 Altar of Darkness
01:42 Tomb of Relics
02:11 Ziggurat
04:40 Ziggurat
05:29 Halls of the Dead
07:17 Ziggurat
09:15 Black Citadel
09:19 Slaughterhouse
09:21 Slaughterhouse
10:42 Ziggurat
12:41 Ziggurat
15:05 Ziggurat
17:57 Spirit Tower
18:09 Ziggurat
18:48 Ziggurat
19:05 Spirit Tower
21:06 Spirit Tower
25:30 Ziggurat
26:22 Spirit Tower
» items
                
                | Rod of Necromancy | 1 |  | 
| Dust of Appearance | 1 |  | 
                2 total
  
               
              
              
YouGonnaCry (
purple | 28 APM | 756 actions | 27:21)
              
 1 Warden 
 1 Shadow Strike
 
                » actions 
                
                | Assign group hotkey | 16 |  | 
| Basic commands | 5 |  | 
| Build / train | 43 |  | 
| Enter build submenu | 13 |  | 
| Enter hero's abilities submenu | 1 |  | 
| Remove unit from queue | 7 |  | 
| Right click | 329 |  | 
| Select / deselect | 203 |  | 
| Select group hotkey | 114 |  | 
| Use ability | 25 |  | 
                756 total
 » units 
                
                | Wisp | 15 |  | 
| Huntress | 16 |  | 
| Glaive Thrower | 6 |  | 
                37 total
 » buildings
                
                | Altar of Elders | 1 |  | 
| Moon Well | 8 |  | 
| Hunter's Hall | 1 |  | 
| Ancient of War | 2 |  | 
                12 total
 » build order
                00:25 Altar of Elders
00:45 Moon Well
01:49 Hunter's Hall
02:06 Ancient of War
02:21 Moon Well
02:44 Ancient of War
04:34 Moon Well
04:46 Moon Well
05:40 Moon Well
07:56 Moon Well
09:28 Moon Well
09:31 Moon Well
 
                Chat log
          (00:04 / Allies) MrFrosty: nice
(00:22 / All) kunt.roII: gl Hf
(00:33 / All) kunt.roII: plz no undead bullshit
(00:43 / All) Gobiner: undead is so GAY
(00:49 / All) niPPy-: just like your mom
(00:58 / All) YouGonnaCry: burned kid
(01:21 / All) Gobiner: nah my mom loves black dudes :)
(02:18 / Allies) MrFrosty: no scout mh mebe
(02:24 / Allies) kunt.roII: would be gay
(02:26 / Allies) kunt.roII: maybe noob tho? ? ?
(03:32 / Allies) MrFrosty: i got surrounded by a single fiend that popped out
(05:52 / Allies) kunt.roII: lmao
(05:58 / Allies) kunt.roII: shop in frosty plz
(06:02 / Allies) kunt.roII: or me
(06:04 / Allies) kunt.roII: or both ?? 
(06:11 / Allies) MrFrosty: welp
(08:19 / All) B0B42O: THIS IS 3S NOT 4S IDIOT U DONT CUBE
(08:22 / All) kunt.roII: ?
(08:30 / All) MrFrosty: oh sorry
(10:05 / Allies) MrFrosty: imo if you dont take a base out we are fucked gob
(10:22 / All) B0B42O: cubing newbs
(10:33 / All) Gobiner: ya I'm cubing up gems
(10:46 / Allies) MrFrosty: i got 30 gold out of that expo
(10:47 / Allies) MrFrosty: woot
(11:48 / All) B0B42O: Scrus
(13:08 / Allies) MrFrosty: this is gay
(14:05 / Allies) MrFrosty: thats pretty good
(18:05 / All) B0B42O: WOW SCRUB 
(18:06 / All) B0B42O: i love it
(18:08 / All) kunt.roII: yes
(18:10 / All) kunt.roII: gg noob
(18:13 / All) B0B42O: GG NEWBS
(18:15 / All) B0B42O: GTE SKILLS NOT CUBE
(18:17 / All) B0B42O: AND MASS TOWERS
(18:21 / All) Gobiner: 2ez
(18:46 / All) B0B42O: gg no skilled trash
(18:50 / All) MrFrosty: 2 e z
(18:50 / All) Gobiner: not really
(18:51 / All) B0B42O: god to love 50% newbs like u
(18:53 / All) B0B42O: thinking ur good
(18:53 / All) Gobiner: too easy to be a good game
(18:56 / All) MrFrosty: 80%
(18:57 / All) B0B42O: TO 2 EX?
(18:58 / All) MrFrosty: sorry
(19:01 / All) B0B42O: rematch us u fucken scrub
(19:05 / All) kunt.roII: LOL
(19:07 / All) B0B42O: didnt think so
(19:11 / All) MrFrosty: sorry 1 win is enough for me
(19:11 / All) B0B42O: sry kid ur not 80%
(19:13 / All) kunt.roII: 1v1 noob?
(19:15 / All) B0B42O: ur fucken horrible
(19:19 / All) MrFrosty: ill stomp you in 1v1 if you want though
(19:22 / All) B0B42O: i dont 1v1 scub hackers like u thanx
(19:26 / All) MrFrosty: hahaha
(19:26 / All) kunt.roII: LOOL
(19:26 / All) B0B42O: sry kid u wont
(19:28 / All) MrFrosty: dodge?
(19:31 / All) B0B42O: ur a hacken toweren newb
(19:32 / All) kunt.roII: nice dodge
(19:34 / All) B0B42O: u wouldnt stomp shit
(19:40 / All) B0B42O: fucken scrubs
(19:43 / All) MrFrosty: no that would be gross
(19:44 / All) B0B42O: Get skills not hacks and cube
(19:48 / All) MrFrosty: why would i want shit on my boots?
(20:04 / All) B0B42O: why r u talken 50% hacken newb
(20:07 / All) MrFrosty: thanks for playing
(20:10 / All) MrFrosty: bats are hard to beat
(20:12 / All) B0B42O: god i love faggot scrubs like yu
(20:12 / All) Gobiner: thanks for the free win :)
(20:13 / All) B0B42O: cant micro
(20:15 / All) B0B42O: cant macro
(20:19 / All) B0B42O: so u mass air and cube
(20:20 / All) kunt.roII: \fiends have a really hard time countering bats
(20:22 / All) kunt.roII: CUBE
(20:33 / All) MrFrosty: ps stop dodging my 1v1
(20:34 / All) B0B42O: got to love 50% newbs like u
(20:36 / All) B0B42O: god i love it
(20:41 / All) B0B42O: learn to play kids
(20:44 / All) kunt.roII: LOL
(20:46 / All) Gobiner: got to love losing to 50% noobs :)
(20:48 / All) kunt.roII: learn to ... win?
(20:48 / All) MrFrosty: ps you lost to people apparantly 50% of players can beat
(20:51 / All) B0B42O: lawll lvl 27 from cubin
(20:51 / All) MrFrosty: way to go
(20:54 / All) niPPy-: pff
(20:55 / All) B0B42O: how horrible must u be at this game
(21:02 / All) B0B42O: cant do shit so u mass towers and hack
(21:03 / All) MrFrosty: why wont you 1v1 me?
(21:03 / All) B0B42O: gj kids
(21:04 / All) Gobiner: better than 25 other 3s teams
(21:06 / All) B0B42O: now learn skills
(21:12 / All) Gobiner: many of whom were much better than you guys
(21:18 / All) B0B42O: cme on newbs come finish game u fucken scrubs
(21:25 / All) kunt.roII: nah we already won
(21:28 / All) MrFrosty: sorry we like longer games
(21:29 / All) B0B42O: sry we r actually good players
(21:29 / All) kunt.roII: this is just more icing on the cake now
(21:32 / All) B0B42O: u r actually jack shit
(21:33 / All) kunt.roII: sry you arent
(21:34 / All) MrFrosty: and you noobs didnt take long enough
(21:34 / All) B0B42O: u just cubed
(21:38 / All) B0B42O: congratys kiddpos
(21:40 / Allies) MrFrosty: this guy getting so angy
(21:41 / All) B0B42O: u aint shit at all
(21:44 / All) MrFrosty: and you lost to it
(21:45 / All) MrFrosty: way 2 go
(21:48 / All) B0B42O: we own u easily if u didnt fucken cube like jack ass newbs
(21:55 / All) MrFrosty: 1v1?
(21:57 / All) MrFrosty: or still dodging
(22:02 / All) B0B42O: well faggot we r waiting come finish the game nubs
(22:06 / All) B0B42O: COME FINISH THE GAME NEWB
(22:08 / All) Gobiner: nah
(22:10 / All) Gobiner: we cool
(22:11 / All) B0B42O: i dont 1v1 hackers sry
(22:11 / All) kunt.roII: finish what
(22:12 / All) MrFrosty: the game is over you have lost
(22:15 / All) B0B42O: Waste of time scrub
(22:18 / All) B0B42O: dont need to 1v1 u 
(22:22 / All) B0B42O: i alrdy know im better than u
(22:26 / All) MrFrosty: l  ol
(22:29 / All) MrFrosty: thats a laugh
(22:31 / All) B0B42O: considering im a solo pro and ur jack shit
(22:39 / All) kunt.roII: LOL
(22:40 / All) B0B42O: your account is a laugh scrub
(22:47 / All) B0B42O: didnt think u would come fight
(22:49 / All) B0B42O: scared ass newbs
(22:58 / All) B0B42O: llawlll hack proven
(23:00 / All) MrFrosty: thanks for the win
(23:01 / All) B0B42O: love how u knew air was there
(23:02 / All) B0B42O: scrubs
(23:05 / All) kunt.roII: LOL
(23:08 / All) B0B42O: COME FINISH THE GAME SCRUBS
(23:10 / All) MrFrosty: yeah we didnt know you were in your base
(23:14 / All) kunt.roII: hack =  proven guys
(23:16 / All) kunt.roII: dont try to argue it
(23:17 / All) B0B42O: sence its a free win come finish the gameu fucken hacken faggots
(23:24 / All) MrFrosty: thanks for the free win
(23:32 / All) MrFrosty: most players are better than you guys so thanks
(23:38 / All) B0B42O: congrats hack more gaggots
(23:46 / All) MrFrosty: thanks
(23:48 / All) MrFrosty: for
(23:49 / All) MrFrosty: the
(23:50 / All) MrFrosty: free
(23:51 / All) MrFrosty: win
(23:52 / All) B0B42O: yeah didnt think u newbs would come fight
(23:55 / All) B0B42O: thougutnso
(23:56 / Allies) MrFrosty: lolllll
(23:57 / All) B0B42O: fucken newbs
(23:59 / All) B0B42O: learn skills
(24:00 / All) B0B42O: thanx
(24:03 / All) B0B42O: squelch
(24:04 / All) B0B42O: newbs
(24:08 / Allies) MrFrosty: lollllllllllllll
(24:09 / All) YouGonnaCry: frosty u have no solo stats now stfu
(24:11 / All) B0B42O: got to love 50% faggots like u
(24:12 / All) kunt.roII: LOL
(24:15 / All) B0B42O: cant do shit so u cube and hack
(24:17 / All) MrFrosty: so why wont you 1v1 me?
(24:18 / All) kunt.roII: YOU HAVE NO STATS
(24:20 / All) B0B42O: congrats kids
(24:26 / All) YouGonnaCry: stfu garbage
(24:32 / All) MrFrosty: 2 e z
(24:33 / All) YouGonnaCry: u guys need a life
(24:34 / All) kunt.roII: please tell me
(24:36 / All) kunt.roII: how your stats
(24:36 / All) MrFrosty: just like the 1v1 would be
(24:38 / All) kunt.roII: are working out for you
(24:45 / All) B0B42O: try 44-14 solo thanx kid
(24:52 / All) B0B42O: learn to spell my name scrub
(24:58 / All) kunt.roII: lmao.
(25:10 / Allies) MrFrosty: lol
(25:18 / Allies) MrFrosty: i stoped that guy who was 40-10 or whatever real ez
(25:20 / Allies) MrFrosty: stomped
(25:25 / All) B0B42O: come on hacker
(25:28 / All) B0B42O: come in and play fags
(25:35 / All) MrFrosty: we like long games
(25:36 / All) MrFrosty: thanks
(25:37 / All) Gobiner: for a 44-10 player you sure aren't very good
(25:52 / All) B0B42O: come on scrub newbs
(25:57 / All) YouGonnaCry: teal comin from somone who is 1-3
(25:58 / All) B0B42O: sense ur so amazing
(25:59 / All) YouGonnaCry: solo
(26:00 / All) B0B42O: come finish the game
(26:02 / All) B0B42O: its 2v3
(26:03 / All) B0B42O: come on nabs
(26:04 / All) YouGonnaCry: u have no room to talk
(26:08 / All) Gobiner: I don't play solo :)
(26:09 / All) MrFrosty: gobiner is a new player
(26:12 / All) B0B42O: and that shut u the fuck up
(26:13 / All) Gobiner: I just beat scrubs in at :)
(26:15 / All) kunt.roII: LOL
(26:16 / All) YouGonnaCry: GOBINER
(26:17 / All) YouGonnaCry: IS
(26:20 / All) YouGonnaCry: GARBAGE
(26:22 / All) B0B42O: all 3 of u r shit
(26:24 / All) MrFrosty: you lost to him
(26:25 / All) MrFrosty: sorry
(26:39 / All) YouGonnaCry: blue u have no stats either stfu trash
(26:45 / All) MrFrosty: im 80%
(26:46 / All) MrFrosty: sorry 
(26:53 / All) YouGonnaCry: massin towers takes no skill
(26:55 / All) YouGonnaCry: garbage
(27:00 / All) B0B42O: lawll pussie ass newbs
(27:02 / All) B0B42O: cant even take us
(27:04 / All) B0B42O: so u bse sit
(27:04 / All) Gobiner: shut up dumb nerd
(27:06 / All) B0B42O: god job newbs
(27:09 / All) MrFrosty: we like long games
(27:15 / All) MrFrosty: way to waste your own time
(27:23 / All) Gobiner: bye
(27:24 / All) B0B42O: RUN AWAY NEWB BATS
(27:26 / All) kunt.roII: lolumad
(27:27 / All) Gobiner: come back when you got skills
(27:28 / All) kunt.roII: lolumad
(27:30 / All) kunt.roII: lolumad
(27:39 / All) MrFrosty: you gonna cry?
(27:39 / All) B0B42O: got to love 50% newbs
(27:43 / All) B0B42O: just got to love them
(27:45 / All) kunt.roII: yeah i do love u b0b
(27:52 / All) B0B42O: just got to love 50% newbs
(27:56 / All) B0B42O: congrats on the win newbs
(27:58 / All) Gobiner: lol u mad
(28:01 / All) MrFrosty: atleast you dont hate yourself
(28:04 / All) B0B42O: now come back to me when u actually have skills
(28:06 / All) B0B42O: not cube and hacks
(28:08 / All) MrFrosty: i would if i was as bad as you
(28:09 / All) B0B42O: faggos
(28:20 / All) Gobiner: thanks for the free expo b0b
(28:27 / All) MrFrosty: thanks for the win too
(28:31 / All) MrFrosty: we dont win much
(28:45 / All) MrFrosty: most people can beat towers
(28:54 / All) MrFrosty: thanks
(28:55 / All) B0B42O: finlly u got it
(28:57 / All) B0B42O: gj kids
(29:03 / All) Gobiner: busy creeping with my level 5 bm sorry
(29:15 / All) kunt.roII: fighting creeps is harder than fighting u
(29:26 / All) B0B42O: yeah i didnt thinku scrubs would come fihg
(29:28 / All) B0B42O: ur pathetic
(29:30 / All) B0B42O: gg newbs
(29:31 / All) MrFrosty: im having to micro more now that im sitting outside your base doing nothing
(29:40 / All) B0B42O: this will be posted on wcreplays.com
(29:44 / All) Gobiner: good
(29:48 / All) B0B42O: and how bad u have to relie on hacks
(29:56 / All) kunt.roII: well
(29:59 / All) Gobiner: visit www.highper.ch for more towering replays and replays of nubs getting owned
(30:01 / All) kunt.roII: im sure if i knew what relie meant
(30:05 / All) kunt.roII: i could verify or deny that statement
(30:15 / All) Gobiner: thank you for visiting www.highper.ch please make timg4strok money
(30:27 / All) MrFrosty: relie is french for "wow im really bad and i lost to towers"
(30:54 / All) MrFrosty: thanks
(31:00 / All) kunt.roII: this is hard
(31:06 / All) B0B42O: u realize i gave up trying right kiddos?
(31:15 / All) MrFrosty: you realise we never had to try right?
(31:16 / All) B0B42O: this was a pointles game
(31:17 / All) B0B42O: gg scrubs
(31:25 / All) kunt.roII: lmao.
(31:28 / All) B0B42O: funny thing is i bet u idiots r trying
(31:29 / All) B0B42O: lawll
(31:30 / All) B0B42O: so funny
(31:41 / All) B0B42O: worst part is i bet u idiots r talken vs a squelch
(31:46 / All) kunt.roII: LOL
(31:46 / Allies) MrFrosty: lol
(31:50 / All) B0B42O: u guys r so horrible
(31:56 / All) B0B42O: learn skills not cube and hacks thanx faggots
(32:00 / All) kunt.roII: i didnt know you could talk VS anyone
(32:01 / All) kunt.roII: ? ?